 Dungeon Crawl Stone Soup version 0.25-a0-458-g6fc7858b95 (webtiles) character file.

Game seed: 1574338706987800482, levelgen mode: deterministic

6078 Error4North the Blocker (level 10, -1/82 HPs)
             Began as a Hill Orc Fighter on Feb 2, 2020.
             Was a High Priest of Okawaru.
             Slain by a bullfrog zombie (4 damage)
             ... on level 8 of the Dungeon on Feb 3, 2020.
             The game lasted 00:46:15 (8961 turns).

Error4North the Blocker (Hill Orc Fighter)          Turns: 8961, Time: 00:46:16

Health: -1/82      AC: 14    Str: 23    XL:     10   Next: 88%
Magic:  0/13       EV:  7    Int: 11    God:    Okawaru [*****.]
Gold:   758        SH: 18    Dex: 16    Spells: 13/13 levels left

rFire    + . .     SeeInvis .   a - +0 war axe
rCold    + . .     Gourm    .   c - +5 shield
rNeg     . . .     Faith    .   s - +2 chain mail
rPois    +         Spirit   +   u - +2 helmet {Int+3}
rElec    +         Reflect  .   G - scarf {Spirit}
rCorr    +         Harm     .   (no gloves)
MR       .....                  (no boots)
Stlth    ..........             (no amulet)
HPRegen  0.23/turn              y - ring of poison resistance
MPRegen  0.13/turn              v - +6 ring of dexterity

@: resistant, hasted, heavily drained, very quick
A: no striking features
a: Heroism, Finesse, Renounce Religion


You were on level 8 of the Dungeon.
You worshipped Okawaru.
Okawaru was extremely pleased with you.
You were very hungry.

You visited 2 branches of the dungeon, and saw 9 of its levels.
You also visited: Bailey.

You collected 758 gold pieces.

Inventory:

Hand Weapons
 a - a +0 war axe (weapon)
 e - a +1 flail of protection
Missiles
 h - 4 boomerangs
 D - a javelin (quivered)
 E - 5 boomerangs of dispersal
Armour
 c - a +5 shield (worn)
 s - a +2 chain mail (worn)
 u - a +2 helmet of intelligence (worn)
 G - a scarf of spirit shield (worn)
Jewellery
 g - an uncursed ring of protection from cold
 v - a +6 ring of dexterity (right hand)
 y - a ring of poison resistance (left hand)
Wands
 n - a wand of clouds (3)
 F - a wand of digging (6)
Scrolls
 b - 4 scrolls of identify
 k - a scroll of immolation {unknown}
 l - 9 scrolls of teleportation
 o - 4 scrolls of enchant weapon {unknown}
 p - 2 scrolls of fear {unknown}
 q - a scroll of blinking {unknown}
 r - 6 scrolls of remove curse
 w - a scroll of fog {unknown}
Potions
 d - a potion of might
 i - 2 potions of magic
 m - a potion of brilliance
 t - a potion of berserk rage {unknown}
 z - a potion of curing {unknown}
 A - 2 potions of haste
 B - a potion of cancellation {unknown}
 C - a potion of degeneration {unknown}
Miscellaneous
 H - a lightning rod (4/4)
Comestibles
 f - 14 rations
 j - 2 chunks of flesh


   Skills:
 + Level 5.6(3.6) Fighting
 + Level 7.0(4.9) Axes
 + Level 1.3(0.0) Throwing
 * Level 5.4(3.4) Armour
 - Level 0.4(0.0) Dodging
 + Level 1.6(0.0) Stealth
 * Level 14.2(11.7) Shields
 + Level 2.4(0.6) Spellcasting
 + Level 2.6(0.8) Invocations


You had 13 spell levels left.
You didn't know any spells.
Your spell library contained the following spells:

 Spells                   Type           Power        Failure   Level  Hunger
 Beastly Appendage        Tmut           #.....       99%         1    ##.....
 Sticks to Snakes         Tmut           #.......     99%         2    ###....
 Spider Form              Tmut/Pois      #.........   100%        3    ####...
 Ice Form                 Ice/Tmut       #.......     100%        4    #####..
 Blade Hands              Tmut           #.........   100%        5    ######.


Dungeon Overview and Level Annotations

Branches:
Dungeon (8/15)             Temple (1/1) D:4          Bailey (visited)
   Lair: D:8-11

Altars:
Ashenzari
Cheibriados
Dithmenos
Elyvilon
Fedhas
Gozag
Hepliaklqana
Kikubaaqudgha
Makhleb
Nemelex Xobeh
Okawaru
Ru
Sif Muna
Trog
Uskayaw
Vehumet
Wu Jian
Xom
Yredelemnul
The Shining One
Lugonu

Shops:
D:6 *


Message History

You block the meliai's attack. The meliai stings you!
* * * LOW HITPOINT WARNING * * *
It was a potion of resistance.
You feel protected. You block the meliai's attack. x3
The meliai stings you but does no damage.
The bullfrog zombie barely misses you.
You don't have enough magic at the moment.
You closely miss the meliai. You closely miss the bullfrog zombie.
The meliai hits you with a +0 hand axe.
* * * LOW HITPOINT WARNING * * *
You block the meliai's attack. The meliai closely misses you.
You block the meliai's attack.
The bullfrog zombie hits you but does no damage.
The bullfrog zombie barely misses you. The meliai hits you with a +0 hand axe.
* * * LOW HITPOINT WARNING * * *
You block the meliai's attack.
It was a potion of haste.
You feel yourself speed up.
You block the meliai's attack. x2; The bullfrog zombie hits you.
You die...

.## #..##).##...#.###.#
#(# ##.#..###........<#
#.## #...###...##.#####
##.# ##.####....#.# .#.##
#...#..##.#.# .##)####C#
#.####.##..>....#
..#.#...# #...#.#....#.###
..##.# ##Z##.##.#.#
..##o.# #.@#..##.#.#
...##.#########y##.###.#.#
..[.##..G......##÷.# #.#.#
.....#..o......#÷.## #.#.#
.#...##.......##.## #.#.#
.##...#.......#..# #.#.#
.##...##.....##.## #.#.#
..##...#.....#..# #.#.#
..##...##...##.## ###.#.#


You could see a meliai and a bullfrog zombie.

Vanquished Creatures
  4 orc knights (Bailey)
  A spriggan (D:8)
  Menkaure (D:7)
  3 ice beasts
  7 orc warriors
  A necrophage (D:6)
  3 sky beasts
  5 ogres
  A phantom (D:7)
  2 centaurs
  3 big kobolds (D:6)
  4 bullfrogs
  4 scorpions
  A water moccasin skeleton (D:7)
  10 wights (D:8)
  2 crimson imps
  A bullfrog zombie (D:4)
  4 orc priests
  3 jellies
  A bullfrog skeleton (D:5)
  4 hounds
  A centaur skeleton (D:5)
  A gnoll shaman (D:5)
  Jessica (D:2)
  Ijyb (D:3)
  An iguana (D:8)
  2 orc wizards
  3 worker ants
  A hound skeleton (D:6)
  2 worker ant zombies (D:5)
  Robin (D:3)
  6 gnolls
  A howler monkey skeleton (D:6)
  9 adders
  A shadow imp (D:5)
  An ooze (D:4)
  An adder zombie (D:4)
  An adder skeleton (D:8)
  2 dart slugs
  10 leopard geckos
  24 orcs
  2 ball pythons
  5 giant cockroaches
  17 goblins
  11 hobgoblins
  12 jackals
  5 quokkas
  A ball python skeleton (D:4)
  5 bats
  2 frilled lizards
  8 kobolds
  A quokka skeleton (D:7)
  7 rats
211 creatures vanquished.

Notes
Turn   | Place    | Note
-------+----------+-------------------------------------------
     0 | D:1      | Error4North the Hill Orc Fighter began the quest for the
                  | Orb.
     0 | D:1      | Reached XP level 1. HP: 19/19 MP: 1/1
    92 | D:1      | Reached XP level 2. HP: 26/27 MP: 2/2
   428 | D:1      | Reached XP level 3. HP: 33/33 MP: 3/3
   865 | D:2      | Noticed Jessica
   868 | D:2      | Killed Jessica
   868 | D:2      | Reached skill level 1 in Spellcasting
   868 | D:2      | Reached XP level 4. HP: 31/40 MP: 5/5
  1679 | D:3      | Found a shattered altar of Ashenzari.
  1679 | D:3      | Noticed Robin
  1916 | D:3      | Noticed Ijyb
  1934 | D:3      | Killed Ijyb
  1954 | D:3      | Reached XP level 5. HP: 46/46 MP: 6/6
  2282 | D:3      | Killed Robin
  2791 | D:4      | Reached skill level 4 in Shields
  2819 | D:4      | Reached XP level 6. HP: 46/53 MP: 7/7
  2951 | D:4      | Found a snail-covered altar of Cheibriados.
  3148 | D:4      | Found an iron altar of Okawaru.
  3160 | D:4      | Became a worshipper of Warmaster Okawaru
  3300 | D:4      | Reached skill level 5 in Axes
  3502 | D:4      | Reached skill level 1 in Invocations
  3596 | D:4      | Reached XP level 7. HP: 60/60 MP: 9/9
  3597 | D:4      | Found a staircase to the Ecumenical Temple.
  3615 | Temple   | Entered the Ecumenical Temple
  3792 | D:4      | HP: 3/60 [ogre/+0 giant club (2)]
  3793 | D:4      | Reached skill level 5 in Shields
  4216 | D:5      | Entered Level 5 of the Dungeon
  4298 | D:5      | Reached * piety under Okawaru
  4298 | D:5      | Reached skill level 5 in Fighting
  4586 | D:5      | Reached skill level 1 in Throwing
  4622 | D:5      | Reached XP level 8. HP: 62/68 MP: 11/11
  4647 | D:5      | Reached skill level 5 in Armour
  4712 | D:5      | Found an ancient bone altar of Kikubaaqudgha.
  4712 | D:5      | Found a sparkling altar of Nemelex Xobeh.
  4973 | D:6      | Found Jem Lyn's Assorted Antiques.
  5059 | D:6      | Found a sacrificial altar of Ru.
  5165 | D:6      | Reached skill level 6 in Shields
  5245 | D:6      | Reached ** piety under Okawaru
  5245 | D:6      | Reached skill level 1 in Stealth
  5364 | D:6      | Reached skill level 7 in Shields
  5607 | D:6      | Reached skill level 8 in Shields
  5634 | D:6      | Reached XP level 9. HP: 74/74 MP: 12/12
  5912 | D:7      | Reached skill level 9 in Shields
  6267 | D:7      | Got a pitted trident
  6279 | D:7      | Noticed Menkaure
  6282 | D:7      | Identified the +5 trident of Painful Death {vorpal, Fragile
                  | +Fly rN++ Stlth+} (You found it on level 7 of the Dungeon)
  6292 | D:7      | Killed Menkaure
  6292 | D:7      | Reached *** piety under Okawaru
  6340 | D:7      | Reached skill level 10 in Shields
  6522 | D:7      | Found a bloodstained altar of Trog.
  6523 | D:7      | Found a glowing golden altar of the Shining One.
  6525 | D:7      | Found a blossoming altar of Fedhas.
  6527 | D:7      | Found a white marble altar of Elyvilon.
  6548 | D:7      | Found a hazy altar of Hepliaklqana.
  6767 | D:8      | Found a flagged portal.
  6781 | Bailey   | Entered a bailey
  6781 | Bailey   | Noticed an orc knight
  6781 | Bailey   | Noticed an orc knight
  6868 | Bailey   | Reached skill level 11 in Shields
  6926 | Bailey   | Killed an orc knight
  6926 | Bailey   | Reached skill level 12 in Shields
  6926 | Bailey   | Reached XP level 10. HP: 21/81 MP: 3/13
  6953 | Bailey   | Killed an orc knight
  6953 | Bailey   | Reached **** piety under Okawaru
  7162 | Bailey   | Noticed an orc knight
  7189 | Bailey   | Killed an orc knight
  7421 | Bailey   | Noticed an orc knight
  7433 | Bailey   | Reached skill level 13 in Shields
  7455 | Bailey   | Killed an orc knight
  7748 | D:8      | Found a shimmering blue altar of Sif Muna.
  7896 | D:8      | HP: 1/81 [orc warrior/+0 glaive (13)]
  8218 | D:8      | Reached ***** piety under Okawaru
  8456 | D:8      | Reached skill level 14 in Shields
  8877 | D:8      | Noticed a cyclops
  8944 | D:8      | Identified the ring of Onom {rF+ rN+}
  8945 | D:8      | Identified the ring "Wagh" {rPois Int+4}
  8960 | D:8      | HP: 3/82 [meliai/+0 hand axe (4)]
  8961 | D:8      | Slain by a bullfrog zombie

Levels and vault maps discovered:
D:1:      matt_arrival_spirals, layout_basic
D:2:      layout_basic, hangedman_glass_teeth, chequers_serial_rivers_small_3,
          uniq_jessica
D:3:      layout_basic, lemuel_crystal_altar, hangedman_decor_diamond_cutter,
          uniq_ijyb, uniq_robin
D:4:      minmay_thinvault, layout_basic, okawaru_ov_weapons_minmay,
          kennysheep_slug_shrine, minmay_temple_entry_slanted
D:5:      layout_loops_ring, gammafunk_temple_overflow_elements, first_ration
D:6:      kennysheep_spiral_hall, layout_basic, nicolae_ru_sacrificial_ziggurat,
          serial_shops, nicolae_shop_overgrown_old_shop,
          minmay_unpleasant_kobolds
D:7:      layout_loops_ring, minitemple, uniq_menkaure
D:8:      minmay_the_grid_triangle_9x9_recursive_2
          [minmay_the_grid_triangle_9x9_prize_special,
          minmay_the_grid_triangle_9x9_longest,
          minmay_the_grid_triangle_9x9_semitri,
          minmay_the_grid_triangle_9x9_empty], layout_basic,
          lemuel_crystal_altar, enter_bailey_2, the_bakery
Temple:   corrupted_temple

Skill      XL: |  1  2  3  4  5  6  7  8  9 10 |
---------------+-------------------------------+-----
Axes           | 3 4 5 6 7 |  7.0
Fighting       | 4 5 |  5.6
Spellcasting   | 1 2 |  2.4
Armour         | 4 5 |  5.4
Shields        | 4 5 8 12 14 | 14.2
Invocations    | 1 2 |  2.6
Throwing       | 1 |  1.3
Stealth        | 1 |  1.6
Dodging        | |  0.4

Action                   |  1- 3 |  4- 6 |  7- 9 | 10-12 || total
-------------------------+-------+-------+-------+-------++-------
Melee: War axe           |    99 |   160 |   324 |   312 ||   895
Throw: Javelin           |    15 |    14 |    30 |     8 ||    67
       Boomerang         |     1 |     3 |    94 |     2 ||   100
Invok: Heroism           |       |       |       |     2 ||     2
  Use: Potion            |       |       |     6 |     5 ||    11
       Scroll            |       |       |    10 |       ||    10
  Eat: Chunk             |       |     5 |     3 |     5 ||    13
       Ration            |       |     1 |     3 |       ||     4
Armor: Scale mail        |    37 |    61 |       |       ||    98
       Chain mail        |       |    30 |   127 |   122 ||   279
Dodge: Dodged            |    31 |    53 |    58 |    67 ||   209
Block: Shield            |    52 |   105 |   227 |   344 ||   728

Table legend:
 A = Non-vault XP
 B = Vault XP
 C = Vault XP percentage of total XP
 D = Non-vault monster count
 E = Vault monster count
 F = Vault count percentage of total count
                 A         B        C        D         E       F
            +---------+---------+-------+---------+---------+-------
      Total |    4288 |    4396 |  50.6 |     156 |      55 |  26.1
            +---------+---------+-------+---------+---------+-------
        D:1 |      60 |       0 |   0.0 |      34 |       0 |   0.0
        D:2 |      26 |      39 |  60.0 |       8 |       2 |  20.0
        D:3 |      73 |      70 |  49.0 |      13 |      12 |  48.0
        D:4 |     272 |     228 |  45.6 |      10 |      10 |  50.0
        D:5 |     697 |       0 |   0.0 |      24 |       0 |   0.0
        D:6 |     708 |     362 |  33.8 |      11 |       9 |  45.0
        D:7 |     781 |     172 |  18.0 |      12 |       1 |   7.7
        D:8 |    1671 |     467 |  21.8 |      44 |       5 |  10.2
     Bailey |       0 |    3058 | 100.0 |       0 |      16 | 100.0
            +---------+---------+-------+---------+---------+-------
